Map: Lost and Found LE

Players

Rail

  • Race: Protoss Protoss
  • League: Master
  • Spawn Location: 1:00

liquidthermy (uThermal) - Winner!

  • Race: Terran Terran
  • Spawn Location: 7:00

Event: HomeStory Cup XVIII

VOD

Have the link to the VOD?

Description

Time

  • Played on: Nov. 22, 2018, 9:14 a.m.
  • Length: 10:53

All games in this series

Show
View Real Time Build Order
Export as new Build Order

Rail Protoss 

Build Orders: 1 Gate Expand, Colossus Rush 

Get SALT Encoding   

  12  0:00  Probe  
  13  0:13  Pylon  
  13  0:16  Probe  
  14  0:29  Probe  
  14  0:31  Gateway  
  15  0:37  Probe  
  15  0:42  Assimilator  
  16  0:47  Probe  
  17  0:59  Probe  
  19  1:11  Probe  
  19  1:18  Cybernetics Core  
  19  1:23  Probe  
  20  1:32  Nexus  
  20  1:37  Assimilator  
  20  1:42  Pylon  
  20  1:45  Adept, Probe  
  23  1:57  Warp Gate  
  23  2:00  Probe  
  24  2:03  Adept  
  24  2:13  Probe  
  27  2:21  Robotics Facility  
  27  2:25  Probe  
  28  2:31  Stalker  
  30  2:40  Probe  
  31  2:48  Probe  
  32  2:52  Probe  
  32  2:57  Warp Prism  
  35  3:08  Gateway  
  35  3:12  Gateway  
  35  3:17  Stalker  
  37  3:30  Probe  
  37  3:32  Probe  
  39  3:36  Pylon  
  39  3:39  Probe  
  39  3:45  Probe  
  39  3:47  Probe  
  44  3:57  Probe  
  44  3:58  Probe  
  46  4:07  Probe  
  46  4:09  Probe  
  49  4:10  Immortal  
  49  4:16  Probe  
  50  4:17  Probe  
  50  4:20  Assimilator  
  50  4:21  Pylon, Assimilator  
  50  4:24  Probe  
  52  4:25  Robotics Bay, Probe  
  52  4:29  Twilight Council  
  54  4:39  Probe x2  
  56  4:46  Pylon  
  56  4:51  Pylon, Probe x2  
  58  4:56  Blink  
  58  5:00  Forge  
  58  5:02  Pylon  
  58  5:03  Probe x2, Disruptor  
  63  5:16  Sentry  
  63  5:19  Extended Thermal Lance  
  65  5:22  Probe  
  65  5:25  Pylon  
  66  5:28  Nexus  
  66  5:29  Colossus  
  66  5:33  Protoss Ground Weapons Level 1  
  72  5:47  Gateway  
  72  5:51  Gateway  
  72  5:53  Sentry  
  74  6:00  Gateway  
  74  6:01  Pylon  
  74  6:13  Colossus  
  74  6:20  Sentry, Stalker  
  74  6:22  Zealot  
  86  6:44  Stalker x3  
  86  6:45  Stalker  
  94  6:47  Charge, Probe x2  
  94  6:49  Pylon, Stalker  
  98  6:57  Probe  
  97  7:02  Protoss Ground Armor Level 1  
  97  7:05  Zealot  
  97  7:08  Zealot x3  
  97  7:09  Zealot  
  97  7:11  Probe x2  
  97  7:12  Stalker  
  107  7:26  Probe  
  107  7:28  Pylon  
  108  7:32  Sentry  
  108  7:33  Zealot x2, Stalker x2  
  108  7:35  Stalker  
  120  7:48  Probe  
  120  7:49  Probe x2  
  108  7:52  Assimilator  
  108  7:53  Assimilator  
  108  7:55  Sentry  
  108  7:57  Forge, Probe  
  111  8:01  Zealot x3, Probe  
  111  8:02  Zealot  
  121  8:07  Probe x2  
  121  8:09  Pylon, Protoss Ground Weapons Level 2  
  123  8:13  Probe  
  123  8:15  Pylon  
  125  8:26  Immortal  
  128  8:29  Pylon  
  128  8:30  Zealot x3  
  128  8:31  Zealot  
  136  8:44  Gateway  
  136  8:46  Gateway  
  136  8:50  Zealot  
  136  8:51  Zealot  
  136  8:53  Zealot  
  136  8:55  Probe  
  132  8:56  Probe  
  132  9:01  Pylon  
  131  9:07  Stalker x2  
  131  9:08  Probe  
  135  9:11  Disruptor  
  138  9:22  Photon Cannon  
  138  9:28  Stalker x2  
  142  9:32  Stalker  
  142  9:33  Pylon  
  144  9:40  Zealot x3  
  129  9:46  Probe  
  97  9:54  Zealot x3, Stalker  
  97  9:59  Probe x2  
  87  10:08  Probe  
  87  10:11  Probe  
  87  10:12  Probe  
  92  10:22  Probe  
  92  10:25  Sentry x2  
  92  10:28  Templar Archives  
  97  10:34  Stalker x2  
Show
View Real Time Build Order
Export as new Build Order

liquidthermy Terran - Winner!

Build Orders: Reaper Expand 

Get SALT Encoding   

  12  0:02  SCV  
  14  0:14  SCV  
  14  0:17  Supply Depot  
  14  0:26  SCV  
  15  0:39  SCV  
  15  0:40  Barracks  
  16  0:44  Refinery  
  16  0:51  SCV  
  17  1:03  SCV  
  18  1:15  SCV  
  19  1:27  Reaper, Orbital Command  
  20  1:39  Command Center  
  20  1:49  Supply Depot  
  20  1:53  SCV  
  21  1:59  Barracks Tech Lab  
  21  2:05  SCV  
  21  2:06  Refinery  
  22  2:17  SCV  
  22  2:18  Marauder  
  22  2:22  Factory  
  25  2:29  SCV  
  26  2:39  Marauder, Concussive Shells  
  26  2:41  SCV  
  28  2:54  SCV  
  29  2:59  Orbital Command  
  29  3:01  Marauder  
  31  3:06  SCV  
  31  3:07  Starport  
  31  3:09  Widow Mine  
  34  3:18  SCV  
  35  3:25  SCV  
  36  3:34  Barracks Reactor, SCV  
  36  3:37  SCV  
  36  3:40  Cyclone  
  40  3:46  SCV  
  41  3:50  Bunker  
  41  3:56  SCV  
  41  4:01  Engineering Bay  
  40  4:03  Supply Depot  
  40  4:07  SCV  
  39  4:12  Viking, Siege Tank  
  39  4:13  Marine x2  
  39  4:15  SCV  
  45  4:19  SCV  
  46  4:28  Command Center  
  46  4:29  SCV  
  46  4:31  Marine x2, SCV  
  47  4:34  Supply Depot  
  50  4:42  SCV  
  50  4:44  Siege Tank  
  54  4:47  Missile Turret  
  54  4:55  Marine x2  
  54  4:56  Barracks, SCV  
  54  4:59  Barracks, Starport Tech Lab  
  57  5:03  SCV  
  58  5:08  SCV  
  58  5:10  Terran Infantry Weapons Level 1  
  58  5:12  Supply Depot  
  58  5:13  Marine  
  60  5:18  SCV  
  60  5:20  Refinery  
  60  5:21  Marine  
  61  5:22  Refinery  
  62  5:29  Supply Depot  
  62  5:31  Factory Tech Lab  
  62  5:32  Starport Reactor  
  62  5:33  Marine, SCV x2  
  65  5:39  Marine  
  65  5:41  Orbital Command  
  66  5:45  SCV  
  66  5:49  SCV  
  68  5:50  Siege Tank  
  68  5:51  Marine  
  68  5:53  Marine  
  68  5:54  Marine, Stimpack  
  68  5:57  Marine  
  74  5:58  SCV  
  76  6:07  SCV, Orbital Command, Barracks  
  76  6:08  Barracks  
  76  6:09  Marine  
  76  6:10  SCV  
  79  6:14  Combat Shield  
  79  6:16  Marine  
  80  6:19  SCV  
  80  6:22  SCV  
  82  6:26  Siege Tank  
  82  6:29  Factory  
  82  6:30  Supply Depot, Marine  
  82  6:31  Marine, SCV  
  88  6:34  SCV  
  88  6:36  SCV  
  88  6:37  Missile Turret  
  89  6:42  Marine  
  89  6:44  Supply Depot, Marine  
  89  6:46  SCV  
  89  6:47  SCV  
  93  6:52  Marine, Medivac x2  
  98  6:55  Barracks Reactor  
  98  6:56  Barracks Reactor  
  96  7:02  Marine  
  96  7:03  Marine x2  
  96  7:07  Bunker  
  96  7:08  Bunker  
  92  7:10  Siege Tank  
  92  7:13  Factory Tech Lab  
  92  7:14  Marine  
  96  7:16  SCV  
  96  7:20  Marine  
  96  7:21  Supply Depot, Marine x2  
  96  7:22  SCV  
  101  7:28  Bunker  
  101  7:32  Marine  
  101  7:33  Marine x2  
  101  7:34  Siege Tank  
  101  7:36  Medivac x2  
  109  7:40  Missile Turret  
  109  7:42  Missile Turret, Marine x4, Refinery x2  
  109  7:43  SCV x2  
  114  7:47  Marine  
  114  7:50  Marine, SCV  
  117  7:55  Supply Depot x2  
  117  7:58  Terran Infantry Armor Level 1  
  117  8:01  Supply Depot  
  117  8:12  Supply Depot  
  117  8:16  Marine x2, Siege Tank, SCV x3  
  117  8:17  Marine x2  
  117  8:19  Marine  
  128  8:21  Marine  
  128  8:22  Marine x2  
  131  8:27  Supply Depot  
  131  8:28  SCV  
  131  8:30  SCV  
  132  8:34  Marine x4  
  132  8:37  Marine  
  132  8:39  Marine  
  132  8:40  Marine  
  139  8:42  Marine, Siege Tank  
  143  8:52  Marine x3  
  145  8:55  Marine x2  
  145  8:59  Marine x2, Siege Tank  
  145  9:00  Supply Depot  
  145  9:01  Marine  
  152  9:09  Marine x2  
  149  9:10  Marine  
  149  9:13  Marine  
  149  9:16  Marine  
  149  9:17  Supply Depot, Armory  
  154  9:18  Marine  
  154  9:19  Marine  
  154  9:23  Command Center  
  157  9:24  Marine, Siege Tank  
  157  9:29  Marine x2  
  160  9:36  Marine x3  
  160  9:37  Marine  
  159  9:40  Marine, Medivac  
  149  9:50  Marine x3  
  149  9:51  Siege Tank  
  137  9:54  Marine  
  137  9:57  Marine  
  128  10:01  Marine x2, SCV  
  128  10:05  Marine  
  125  10:08  Marine x2  
  125  10:11  Siege Tank  
  125  10:12  Marine  
  125  10:14  Marine  
  125  10:17  SCV  
  125  10:18  SCV  
  125  10:19  Marine x2  
  129  10:27  Marine x2  
  135  10:40  SCV  
Tags
 
Add a new tag
Caveats
  • Supply blocks, unpowered buildings, or Contaminate may cause inaccurate times.
  • Supply counts are checked every 10 seconds.